 Dungeon Crawl Stone Soup version 0.29-a0-322-g68df515428 (webtiles) character file.

Game seed: 4001522526022173716

95 Ajdolov the Caller (level 4, -3/18 HPs)
             Began as a Felid Summoner on Apr 9, 2022.
             Killed from afar by Natasha (13 damage)
             ... with a puff of flame
             ... on level 3 of the Dungeon.
             The game lasted 00:09:15 (3138 turns).

Ajdolov the Caller (Felid Summoner)                 Turns: 3138, Time: 00:09:16

Health: -3/18      AC:  1    Str:  4    XL:     4   Next: 39%
Magic:  15/17      EV: 17    Int: 18    God:
Gold:   182        SH:  0    Dex: 16    Spells: 1/7 levels left
                                        Lives:  0   Deaths: 1

rFire   . . .      SeeInvis +   (weapon unavailable)
rCold   . . .      Faith    .   (shield unavailable)
rNeg    . . .      Spirit   .   (body armour unavailable)
rPois   .          Reflect  .   (helmet unavailable)
rElec   .          Harm     .   (cloak unavailable)
rCorr   .          Rampage  .   (gloves unavailable)
Will    .....                   (boots unavailable)
Stlth   +++.......              (no amulet)
HPRegen 0.06/turn               g - ring of magical power
MPRegen 0.15/turn               (no ring)

@: quick
A: very small, claws 1, fangs 3, see invisible, speed 1, shaggy fur 1, stealthy
paws, no weapons or thrown items, no armour, multi-lived
a: no special abilities


You were on level 3 of the Dungeon.
You visited 1 branch of the dungeon, and saw 3 of its levels.

You collected 182 gold pieces.

Inventory:

Jewellery
 g - a ring of magical power (left paw)
Scrolls
 c - 3 scrolls of identify {unknown}
 d - a scroll of vulnerability {unknown}
 f - 2 scrolls of fog {unknown}
 h - 2 scrolls of teleportation {unknown}
 l - a scroll of immolation {unknown}
Potions
 a - 4 potions of magic
 b - 2 potions of heal wounds {unknown}
 e - a potion of degeneration {unknown}
 i - a potion of curing {unknown}
 j - a potion of invisibility {unknown}
 k - a potion of berserk rage {unknown}
 m - a potion of might {unknown}
 n - a potion of resistance {unknown}


   Skills:
 - Level 2.6 Dodging
 + Level 4.8 Stealth
 - Level 2.0 Spellcasting
 * Level 5.8 Summonings


You had one spell level left.
You knew the following spells:

 Your Spells              Type           Power      Damage    Failure   Level
a - Summon Small Mammal   Summ           88%        N/A       1%          1
b - Call Imp              Summ           22%        N/A       2%          2
c - Call Canine Familiar  Summ           22%        N/A       4%          3

Your spell library contained the following spells:

 Spells                   Type           Power      Damage    Failure   Level
 Foxfire                  Conj/Fire      4%         2x1d4     19%         1
 Summon Guardian Golem    Hex/Summ       12%        N/A       17%         3
 Conjure Flame            Conj/Fire      1%         6-21      47%         3
 Inner Flame              Hex/Fire       1%         N/A       47%         3
 Summon Lightning Spire   Summ/Air       12%        N/A       50%         4
 Flame Wave               Conj/Fire      1%         2d4       87%         4
 Fireball                 Conj/Fire      0%         3d3       99%         5
 Iskenderun's Battlesphe  Conj           1%         2d6       99%         5
 Conjure Ball Lightning   Conj/Air       0%         3x3d6     100%        6
 Orb of Destruction       Conj           0%         9d5       100%        7


Dungeon Overview and Level Annotations

Branches:
Dungeon (3/15)

Altars:
Zin

Shops:
D:3 *

Annotations:
D:2 Sigmund
D:3 1 runed translucent door, Crazy Yiuf, Grinder, Natasha


Innate Abilities, Weirdness & Mutations

You have sharp claws.
You have razor-sharp teeth.
You have supernaturally acute eyesight. (SInv)
You cover ground quickly. (Speed+)
You are covered in fur. (AC +1)
Your paws help you pounce on unaware monsters.
You are incapable of wielding weapons or throwing items.
You cannot wear armour.
You gain extra lives every three experience levels.


Message History

Your white imp disappears in a puff of smoke!
You swap places.
You see here a ball python corpse.
Grinder is nearby!
Grinder says, "Wait up."
Found a glowing silver altar of Zin.
Grinder blinks!
Found Zin's Purification Station.
Natasha, Servant of Life and Death comes into view.
She is carrying a wand of flame (32).
Found a hunting sling.
Natasha is nearby!
What are your orders? t - Meow!
Orders for allies: a - Attack new target. r - Retreat! s - Stop attacking. g - Guard the area. f - Follow me.
Anything else - Cancel.
Stop fighting!
Unknown command.
What are your orders? t - Meow!
Orders for allies: a - Attack new target. r - Retreat! s - Stop attacking. g - Guard the area. f - Follow me.
Anything else - Cancel.
Gang up on whom?
Press: ? - help, Dir - move target, f - Natasha
Aim: Natasha, carrying a wand of flame (32) Attack!
Natasha casts a spell at you. The magic dart hits you!
Unknown command.
A beastly little devil appears in a puff of flame.
Your hound barely misses Natasha.
Your hound bites Natasha but does no damage.
Natasha closely misses you.
Your hound bites Natasha.
Your hound bites Natasha but does no damage.
Natasha zaps a wand.
The puff of flame hits you!
Ouch! That really hurt!
You die...

#......# #####
##########......########...####
.<..............†..5...'.>.'..# #
#.######################...##.#..
#.# ##.###5#.. .÷# #.##.†...
####################### #.....##.
................5.....# #.##.#...
#..§########..#.@..# #.##.....
#†..## #.....#..## #.#######
.....# #)...hh###.##. #.. ...
....†# #...∩.._⌠ .##..##.######.
.....# #......### ##..§...r....§
.....# #.#..... ..##..##.#####.#
.....# #.#...#........5...# #..
.............####......r#..# ###
.....####?##. .......#..#


You could see Natasha (ally target), a friendly hound (summoned) and a friendly
crimson imp (summoned).

Vanquished Creatures
  Natasha (D:3)
  An orc (D:3)
  An endoplasm (D:3)
  2 goblins (D:1)
  2 hobgoblins
  2 kobolds
  3 ball pythons
  4 bats
  2 frilled lizards
  5 rats
23 creatures vanquished.

Vanquished Creatures (collateral kills)
  Natasha (D:3)
  A gnoll (D:1)
  2 adders (D:2)
  4 worms
  3 orcs (D:3)
  3 endoplasms
  2 giant cockroaches
  4 hobgoblins
  3 quokkas
  3 ball pythons
  A bat (D:2)
  2 frilled lizards
  6 goblins
  4 kobolds
  2 rats (D:3)
41 creatures vanquished.

Grand Total: 64 creatures vanquished

Notes
Turn   | Place    | Note
-------+----------+-------------------------------------------
     0 | D:1      | Ajdolov the Felid Summoner began the quest for the Orb.
     0 | D:1      | Reached XP level 1. HP: 7/7 MP: 4/4
   194 | D:1      | Reached XP level 2. HP: 2/11 MP: 3/6
   223 | D:1      | Learned a level 2 spell: Call Imp
   994 | D:1      | Found a faded altar of an unknown god.
  1229 | D:2      | Reached XP level 3. HP: 13/14 MP: 7/7
  1236 | D:2      | Learned a level 3 spell: Call Canine Familiar
  1450 | D:2      | Reached skill level 5 in Summonings
  1891 | D:2      | Reached XP level 4. HP: 18/18 MP: 8/8
  2142 | D:2      | Noticed Sigmund
  2273 | D:3      | Noticed Grinder
  2340 | D:3      | Noticed Natasha
  2388 | D:3      | Killed Natasha
  2584 | D:3      | Paralysed by Grinder for 2 turns
  2600 | D:3      | Killed from afar by Grinder
  2601 | D:3      | Reached XP level 3. HP: -1/14 MP: 3/16
  2604 | D:3      | Noticed Natasha
  2622 | D:3      | Killed Natasha
  2623 | D:3      | Reached XP level 4. HP: 13/18 MP: 8/8
  2994 | D:3      | Found a runed translucent door.
  2995 | D:3      | Noticed Crazy Yiuf
  3128 | D:3      | Found a glowing silver altar of Zin.
  3129 | D:3      | Found Zin's Purification Station.
  3131 | D:3      | Noticed Natasha
  3138 | D:3      | Killed from afar by Natasha

Illustrated notes

Levels and vault maps discovered:
D:1:      wander_arrival_lonely_grave, layout_rooms,
          hellmonk_ecumenical_altar_run_dry
D:2:      layout_rooms, uniq_sigmund
D:3:      layout_basic, zin_purify, guppyfry_early_orc_mine, uniq_grinder,
          uniq_natasha, uniq_crazy_yiuf_cottage

Skill      XL: |  1  2  3 |
---------------+----------+-----
Stealth        | 3 4 |  4.8
Summonings     | 5 |  5.8
Dodging        | |  2.6
Spellcasting   | |  2.0

Action                   |  1- 3 |  4- 6 || total
-------------------------+-------+-------++-------
Melee: Unarmed           |    41 |    21 ||    62
       Bite              |     4 |     3 ||     7
 Cast: Summon Small Mamm |    32 |    16 ||    48
       Call Imp          |    22 |    20 ||    42
       Call Canine Famil |     1 |     8 ||     9
 Stab: Sleeping          |     4 |     4 ||     8
       Distracted        |     1 |     1 ||     2
Armor: Skin              |     4 |     1 ||     5
Dodge: Dodged            |    50 |    28 ||    78

Table legend: (Time is in decaauts)
 A = Elapsed time spent in this place.
 B = Non-inter-level travel time spent in this place.
 C = Inter-level travel time spent in this place.
 D = Time resting spent in this place.
 E = Time spent auto-exploring this place.
 F = Levels seen in this place.
 G = Mean time per level.
                   A        B        C        D        E       F      G
               +--------+--------+--------+--------+--------+-----+--------+
         Total |   2889 |   2848 |     41 |     95 |   1890 |   3 |  963.0 |
       Dungeon |   2889 |   2848 |     41 |     95 |   1890 |   3 |  963.0 |
               +--------+--------+--------+--------+--------+-----+--------+

Top non-repeatable levels by time:
     D:1: 1147 daAuts
     D:2: 931 daAuts
     D:3: 810 daAuts
